 Dungeon Crawl Stone Soup version 0.26.0-91-g99b343417d (webtiles) character file.

Game seed: 15943775825694996549

191 Gadfly the Sneak (level 5, -24/22 HPs)
             Began as a Felid Enchanter on Feb 3, 2021.
             Annihilated by an orc warrior
             ... wielding a +0 glaive
              (32 damage)
             ... on level 3 of the Dungeon.
             The game lasted 00:07:14 (4604 turns).

Gadfly the Sneak (Felid Enchanter)                  Turns: 4604, Time: 00:07:15

Health: -24/22     AC:  1    Str:  2 (4)  XL:     5   Next: 42%
Magic:  3/10       EV: 19    Int: 14 (16) God:
Gold:   70         SH:  0    Dex: 17 (18) Spells: 1/9 levels left
                                        Lives:  0   Deaths: 1

rFire    . . .     SeeInvis +     - Unarmed
rCold    . . .     Faith    .   (shield unavailable)
rNeg     . . .     Spirit   .   (armour unavailable)
rPois    .         Reflect  .   (helmet unavailable)
rElec    .         Harm     .   (cloak unavailable)
rCorr    .         Rampage  .   (gloves unavailable)
Will     .....                  (boots unavailable)
Stlth    ++++......             (no amulet)
HPRegen  0.07/turn              (no ring)
MPRegen  0.12/turn              (no ring)

@: quick
A: very small, no armour, no weapons or thrown items, stealth, claws 1, fangs 3,
see invisible, speed 1, shaggy fur 1, sharp paws
a: no special abilities


You were on level 3 of the Dungeon.
You visited 1 branch of the dungeon, and saw 3 of its levels.

You collected 70 gold pieces.

Inventory:

Scrolls
 g - a scroll of enchant weapon {unknown}
Potions
 a - a potion of invisibility {unknown}
 b - a potion of lignification
 c - a potion of might
 e - a potion of flight
 f - 2 potions of degeneration


   Skills:
 + Level 1.3 Fighting
 + Level 4.0 Dodging
 * Level 5.9 Stealth
 * Level 2.6 Unarmed Combat
 + Level 2.7 Spellcasting
 + Level 5.2 Hexes
 + Level 1.6 Evocations


You had one spell level left.
You knew the following spells:

 Your Spells              Type           Power        Failure   Level
a - Confusing Touch       Hex            16%          8%          3
b - Ensorcelled Hibernat  Hex/Ice        18%          12%         2
c - Dazzling Flash        Conj/Hex       18%          22%         3

Your spell library contained the following spells:

 Spells                   Type           Power        Failure   Level
 Corona                   Hex            17%          2%          1
 Tukima's Dance           Hex            16%          8%          3


Dungeon Overview and Level Annotations

Branches:
Dungeon (3/15)

Altars:
Ashenzari
Nemelex Xobeh
Uskayaw
Zin


Innate Abilities, Weirdness & Mutations

You cannot wear armour.
You are incapable of wielding weapons or throwing items.
Your paws allow you to move quietly. (Stealth)
You have sharp claws.
You have razor-sharp teeth.
You have supernaturally acute eyesight. (SInv)
You cover ground quickly.
You are covered in fur. (AC +1)
Your sharp claws are effective at attacking unaware monsters.


Message History

The orc warrior is heavily wounded.
You scratch the orc warrior but do no damage.
The orc warrior is heavily wounded.
You scratch the orc warrior but do no damage.
You bite the orc warrior, but do no damage.
The orc warrior is heavily wounded.
You catch the helpless orc warrior completely off-guard!
You claw the orc warrior!
The orc warrior is almost dead.
The orc warrior completely misses you.
You catch the helpless orc warrior completely off-guard!
You scratch the orc warrior.
You bite the orc warrior, but do no damage.
The orc warrior is almost dead.
You are too injured to fight recklessly!
You barely miss the orc warrior.
The orc warrior is almost dead.
The orc warrior hits you with a +0 glaive!!
Ouch! That really hurt!
You die...

### ########## ..#
#.....ooo. #.#
#.######## #.# #.#
##.####<#####.#
#.......)..##.######
#..####...@).......#
####o##.####.#
#.##.####.#####.
#.##............
#.......#.######
########..# .## .#
.#


You could see an orc warrior (confused).

Vanquished Creatures
  Crazy Yiuf (D:2)
  3 orc priests
  Jessica (D:2)
  Terence (D:2)
  3 adders
  2 worms (D:2)
  2 dart slugs (D:1)
  2 leopard geckos
  4 orcs
  9 bats
  2 giant cockroaches (D:1)
  5 goblins
  5 hobgoblins
  3 jackals (D:1)
  A quokka (D:2)
  3 frilled lizards
  3 kobolds
  8 rats
58 creatures vanquished.

Notes
Turn   | Place    | Note
-------+----------+-------------------------------------------
     0 | D:1      | Gadfly the Felid Enchanter began the quest for the Orb.
     0 | D:1      | Reached XP level 1. HP: 7/7 MP: 4/4
   487 | D:1      | Reached XP level 2. HP: 11/11 MP: 4/6
   490 | D:1      | Learned a level 2 spell: Ensorcelled Hibernation
   806 | D:1      | Found a broken altar of Ashenzari.
   920 | D:1      | Reached XP level 3. HP: 14/14 MP: 4/7
  1122 | D:1      | Learned a level 3 spell: Confusing Touch
  1235 | D:2      | Found a glowing silver altar of Zin.
  1525 | D:2      | Found a runed translucent door.
  1526 | D:2      | Noticed Crazy Yiuf
  1544 | D:2      | Noticed Jessica
  1546 | D:2      | Killed Jessica
  1547 | D:2      | Reached skill level 5 in Stealth
  1547 | D:2      | Reached XP level 4. HP: 18/18 MP: 8/8
  1571 | D:2      | Reached skill level 1 in Evocations
  1661 | D:2      | Noticed Terence
  2320 | D:2      | Found a sparkling altar of Nemelex Xobeh.
  2800 | D:2      | Killed Terence
  2875 | D:2      | Found a hide-covered altar of Uskayaw.
  2976 | D:2      | Slain by a worm
  2977 | D:2      | Reached XP level 3. HP: -3/15 MP: 6/7
  3018 | D:2      | Killed Crazy Yiuf
  3019 | D:2      | Reached skill level 1 in Fighting
  3019 | D:2      | Reached skill level 5 in Hexes
  3019 | D:2      | Reached XP level 4. HP: 5/19 MP: 3/8
  3255 | D:2      | Learned a level 3 spell: Dazzling Flash
  3609 | D:2      | Reached XP level 5. HP: 7/22 MP: 0/9
  3892 | D:3      | Noticed an orc warrior
  4604 | D:3      | Annihilated by an orc warrior

Illustrated notes

Levels and vault maps discovered:
D:1:      minmay_arrival_hallway, layout_loops_ring, evilmike_ruin_ashenzari
D:2:      layout_basic, eat_drink_and_be_merry_uskayaw, marbit_many_paths,
          lemuel_tele_altar, uniq_terence, uniq_jessica, uniq_crazy_yiuf_cottage
D:3:      layout_loops_ring, okawaru_metal_pillars_1_2

Skill      XL: |  1  2  3  4  5 |
---------------+----------------+-----
Dodging        | 3 4 |  4.0
Stealth        | 5 |  5.9
Evocations     | 1 |  1.6
Unarmed Combat | 2 |  2.6
Fighting       | 1 |  1.3
Hexes          | 5 |  5.2
Spellcasting   | |  2.7

Action                   |  1- 3 |  4- 6 || total
-------------------------+-------+-------++-------
Melee: Unarmed           |    81 |    77 ||   158
       Bite              |     8 |     4 ||    12
 Cast: Corona            |     2 |       ||     2
       Ensorcelled Hiber |     9 |    32 ||    41
       Confusing Touch   |       |     2 ||     2
       Dazzling Flash    |       |     1 ||     1
  Use: Scroll            |     4 |     2 ||     6
       Potion            |     1 |     3 ||     4
 Stab: Sleeping          |    22 |    20 ||    42
       Confused          |       |     3 ||     3
Armor: Skin              |     3 |     1 ||     4
Dodge: Dodged            |    70 |    73 ||   143
